 Dungeon Sprint DCSS version 0.21.1-1-g345015f (webtiles) character file.

100 Fang the Skirmisher (level 4, -13/32 HPs)
             Began as a Gargoyle Berserker on July 18, 2018.
             Was an Elder of Trog.
             Mangled by a mummy (14 damage)
             ... in the Dungeon (Sprint VII: "The Pits").
             The game lasted 00:01:06 (850 turns).

Fang the Skirmisher (Gargoyle Berserker)             Turns: 850, Time: 00:01:06

Health: -13/32     AC:  5    Str: 22    XL:     4   Next: 74%
Magic:  4/4        EV: 12    Int:  7    God:    Trog [****..]
Gold:   0          SH:  0    Dex:  9    Spells: 3/3 levels left

rFire    . . .     SeeInvis .   m - +0 hand axe (freeze)
rCold    . . .     Gourm    .   (no shield)
rNeg     + . .     Faith    .   b - +0 animal skin
rPois    ∞         Spirit   .   (no helmet)
rElec    +         Reflect  .   (no cloak)
rCorr    .         Harm     .   (no gloves)
MR       .....     NoTele   +   (no boots)
Stlth    +.........             (no amulet)
HPRegen  0.10/turn              (no ring)
MPRegen  0.09/turn              (no ring)

@: berserk cooldown, slowed, very slow
A: negative energy resistance 1, electricity resistance, unbreathing,
petrification resistance, rot immunity, AC +3
a: Berserk, Trog's Hand, Brothers in Arms, Burn Spellbooks, Renounce Religion


You were in the Dungeon.
You worshipped Trog.
Trog was greatly pleased with you.
You were hungry.

You visited 1 branch

Inventory:

Hand Weapons
 m - a +0 hand axe of freezing (weapon)
Armour
 b - a +0 animal skin (worn)
Scrolls
 i - a scroll of blinking
 k - 3 scrolls of remove curse
 l - a scroll of summoning
Potions
 a - 2 potions of invisibility
 d - 6 potions of curing
 e - 5 potions of heal wounds
 f - a potion of haste
 g - 4 potions of magic
 h - 3 potions of berserk rage
Comestibles
 c - 9 rations


   Skills:
 + Level 6.9 Fighting
 + Level 5.7 Axes
 + Level 3.7 Armour
 + Level 3.0 Dodging
 + Level 0.1 Stealth


You had 3 spell levels left.
You didn't know any spells.

Dungeon Overview and Level Annotations

Branches:
Dungeon (1/1)

Altars:
Cheibriados
Dithmenos
Elyvilon
Fedhas
Gozag
Hepliaklqana
Makhleb
Nemelex Xobeh
Okawaru
Qazlal
Ru
Sif Muna
Trog
Vehumet
Wu Jian
Xom
Yredelemnul
Zin
The Shining One
Beogh
Jiyva
Lugonu

Annotations:
D Dowan, Duvessa


Innate Abilities, Weirdness & Mutations

You are resistant to torment.
Your stone body is resilient. (AC +3)
You are immune to poison.
You resist negative energy. (rN+)
You are resistant to electric shocks. (rElec)
You can survive without breathing.
You are immune to petrification.
You are immune to rotting.


Message History

Dowan gestures wildly while chanting.
Dowan blinks!
You are near starving!
You closely miss the mummy. The mummy barely misses you.
You closely miss the mummy. The mummy hits you!
* * * LOW HITPOINT WARNING * * *
You are too injured to fight recklessly!
You are too injured to fight recklessly!
Unknown command.
Unknown command.
You see here a hound corpse.
You butcher the hound corpse.
The mummy hits you.
* * * LOW HITPOINT WARNING * * *
You see here a chunk of flesh.
Eat a chunk of flesh? (ye/n/q)
You eat the chunk of flesh.
This raw flesh tastes terrible.
You are feeling hungry.
Dowan says, "My weaknesses are her strengths!"
The mummy hits you!
You die...

##########'##.....
#.?(.')))'.##.....
##########.##.....
#...........'.....
#'#####'#####.....
#.#.).#.#..##.....
#.#..)#.#.)#####'#
#.#...'.#))##.....
#@##'####))##.....
#M#.....#)[##.....
#e#.....#'###...<.
#Z#........##.....
#e#........##.....
#'###########.....
#..# ###### #....
##.#h#


You could see Duvessa, Dowan, a mummy and an adder zombie.

Vanquished Creatures
  A hound (D)
  A worker ant (D)
  A gnoll (D)
  A river rat (D)
  An ufetubus (D)
  An ooze (D)
  An adder zombie (D)
  A leopard gecko (D)
  A ball python (D)
  2 goblins (D)
  4 jackals (D)
15 creatures vanquished.

Notes
Turn   | Place    | Note
-------+----------+-------------------------------------------
     0 | D        | Fang the Gargoyle Berserker began the quest for the Orb.
     0 | D        | Reached XP level 1. HP: 14/14 MP: 1/1
    70 | D        | Found a bloodstained altar of Trog.
    70 | D        | Found a deep blue altar of Sif Muna.
    70 | D        | Found a viscous altar of Jiyva.
    70 | D        | Found a hazy altar of Hepliaklqana.
    70 | D        | Found an opulent altar of Gozag.
    71 | D        | Found a glowing golden altar of the Shining One.
    71 | D        | Found a glowing silver altar of Zin.
    71 | D        | Found a basalt altar of Yredelemnul.
    71 | D        | Found a shimmering altar of Xom.
    71 | D        | Found an ornate altar of the Wu Jian Council.
    71 | D        | Found a sacrificial altar of Ru.
    71 | D        | Found a stormy altar of Qazlal.
    71 | D        | Found an iron altar of Okawaru.
    71 | D        | Found a sparkling altar of Nemelex Xobeh.
    71 | D        | Found a burning altar of Makhleb.
    71 | D        | Found a blossoming altar of Fedhas.
    71 | D        | Found a white marble altar of Elyvilon.
    71 | D        | Found a shadowy altar of Dithmenos.
    71 | D        | Found a snail-covered altar of Cheibriados.
    73 | D        | Found a radiant altar of Vehumet.
    73 | D        | Found a corrupted altar of Lugonu.
    73 | D        | Found a roughly hewn altar of Beogh.
   112 | D        | Noticed a worker ant
   119 | D        | Killed a worker ant
   119 | D        | Reached skill level 5 in Fighting
   119 | D        | Reached XP level 2. HP: 21/21 MP: 2/2
   119 | D        | Reached XP level 3. HP: 26/26 MP: 3/3
   120 | D        | Reached ** piety under Trog
   516 | D        | Reached *** piety under Trog
   518 | D        | Reached skill level 6 in Fighting
   518 | D        | Reached skill level 5 in Axes
   518 | D        | Reached XP level 4. HP: 11/32 MP: 4/4
   814 | D        | Noticed Dowan
   814 | D        | Noticed Duvessa
   831 | D        | Reached **** piety under Trog
   849 | D        | HP: 1/32 [mummy (6)]
   850 | D        | Mangled by a mummy

Skill      XL: |  1  2  3  4 |
---------------+-------------+-----
Axes           | 4 5 |  5.7
Fighting       | 5 6 |  6.9
Armour         | 3 |  3.7
Dodging        | 2 3 |  3.0
Stealth        | |  0.1

Action                   |  1- 3 |  4- 6 || total
-------------------------+-------+-------++-------
Melee: Hand axe          |    23 |    23 ||    46
Invok: Berserk           |     3 |     1 ||     4
  Use: Potion            |       |     1 ||     1
  Eat: Chunk             |     1 |     2 ||     3
Armor: Animal skin       |     7 |     3 ||    10
Dodge: Dodged            |    25 |     8 ||    33
